 Dungeon Crawl Stone Soup version 0.18.1-50-g88ac8fd (webtiles) character file.

12 Energiya the Caller (level 2, -3/11 HPs)
             Began as a Felid Summoner on Nov 23, 2016.
             Slain by an adder (4 damage)
             ... on level 2 of the Dungeon.
             The game lasted 00:05:34 (1187 turns).

Energiya the Caller (Felid Summoner)                Turns: 1187, Time: 00:05:34

Health: -3/11      AC:  1    Str:  4    XL:     2   Next: 20%
Magic:  3/6        EV: 18    Int: 16    God:
Gold:   37         SH:  0    Dex: 16    Spells: 1 memorised, 4 levels left
                                        Lives:  0   Deaths: 0

rFire  . . .     SeeInvis +     (weapon unavailable)
rCold  . . .     Gourm    .     (armour unavailable)
rNeg   . . .     Faith    .     (shield unavailable)
rPois  .         Spirit   .     (helmet unavailable)
rElec  .         Dismiss  .     (cloak unavailable)
rCorr  .         Reflect  .     (gloves unavailable)
SustAt .         Harm     .     (boots unavailable)
MR     .....                    (no amulet)
Stlth  +++.......               (no ring)
                                (no ring)

@: lethally poisoned (-3 -> -9), very slightly contaminated, quick, not
resistant to hostile enchantments, fairly stealthy
A: no armour, no weapons or thrown items, claws 1, fangs 3, see invisible,
carnivore 3, speed 1, shaggy fur 1, slow metabolism 1, sharp paws
a: no special abilities


You were on level 2 of the Dungeon.
You were very full.

You visited 1 branch of the dungeon, and saw 2 of its levels.

You collected 37 gold pieces.

Inventory:

Scrolls
 d - 3 scrolls of identify {unknown}
 i - 2 scrolls of teleportation {unknown}
 j - 2 scrolls of recharging {unknown}
 k - a scroll of enchant armour {unknown}
Potions
 c - a potion of resistance {unknown}
 e - a potion of degeneration {unknown}
 f - a potion of heal wounds {unknown}
 g - a potion of might {unknown}
 h - 2 potions of curing {unknown}
 l - a potion of berserk rage {unknown}
Books
 a - a book of Callings

   Spells                             Type                      Level
   a - Summon Small Mammal            Summoning                    1
   b - Call Imp                       Summoning                    2
   c - Call Canine Familiar           Summoning                    3
   d - Summon Guardian Golem          Hexes/Summoning              3
   e - Summon Lightning Spire         Summoning/Air                4
   f - Summon Ice Beast               Ice/Summoning                4
Comestibles
 b - a meat ration


   Skills:
 + Level 2.9 Dodging
 + Level 2.8 Stealth
 + Level 2.1 Spellcasting
 + Level 4.3 Summonings


You had 4 spell levels left.
You knew the following spells:

 Your Spells              Type           Power        Failure   Level  Hunger
a - Summon Small Mammal   Summ           ###.         4%          1    #......


Dungeon Overview and Level Annotations

Branches:
Dungeon (2/15)

Altars:


Innate Abilities, Weirdness & Mutations

You cannot wear armour.
You are incapable of wielding weapons or throwing items.
You have sharp claws.
You have razor-sharp teeth.
You have supernaturally acute eyesight.
You are carnivorous and can eat meat at any time.
You cover ground quickly.
You are covered in fur (AC +1).
You have a slow metabolism.
Your sharp claws are effective at attacking unaware monsters.


Message History

The adder bites you.
You are lethally poisoned!
The adder poisons you!
You feel sick.
You closely miss the adder.
The adder is heavily wounded.
The adder bites you but does no damage.
You scratch the adder but do no damage. Your bite misses the adder.
The adder is heavily wounded.
You feel sick. The adder bites you.
* * * LOW HITPOINT WARNING * * *
Your rat misses the adder. You closely miss the adder.
The adder is heavily wounded.
The adder closely misses you.
Your rat bites the adder but does no damage.
You barely miss the adder.
The adder is heavily wounded.
The adder barely misses you. The adder bites you.
You die...

#.# #.# #.#.#.# #.# #.#
#.#.#.# #.# #r# #.#.#.# #.#
#.# #.#.#.### #.# #.#
#.#.#...# #.# #.#####
#.#.###.# #.# #.....####.#†#
#.# #.# #....b.....#.# #.#
#.### ##.##@######.# #.#
#...#########.##S######.###.#
...........b.r.r).).......>.#
##.%#.#######.##<######.#.#.#
..#.#.# #.#########.#.#.#
#.#.#.# #.#.......#.#.#.#####
#.#.#.# #.#.#####.#.#.#.#...#
..#.#.# #.#.#...........#.#.#
..#.#.# #.#.#.###.#.#.....#.#


You could see an adder, a friendly bat and a friendly rat.

Vanquished Creatures
  A quokka (D:2)
1 creature vanquished.

Vanquished Creatures (collateral kills)
  A giant cockroach (D:2)
  6 goblins
  3 hobgoblins
  3 bats
  A kobold (D:1)
  2 rats
16 creatures vanquished.

Vanquished Creatures (others)
  7 toadstools (D:1)
7 creatures vanquished.

Grand Total: 24 creatures vanquished

Notes
Turn   | Place    | Note
--------------------------------------------------------------
     0 | D:1      | Energiya the Felid Summoner began the quest for the Orb.
     0 | D:1      | Reached XP level 1. HP: 7/7 MP: 4/4
   642 | D:2      | Reached XP level 2. HP: 6/11 MP: 1/6
  1187 | D:2      | Slain by an adder

Action                   || total
-------------------------++-------
Melee: Unarmed           ||    12
       Bite              ||     2
 Cast: Summon Small Mamm ||    28
  Eat: Chunk             ||     7
Armor: Skin              ||     4
Dodge: Dodged            ||    17
